Map: White Rabbit LE

Players

HoldTheDoor - Winner!

  • Race: Protoss Protoss
  • League: Diamond
  • Spawn Location: 1:00

arni

  • Race: Zerg Zerg
  • League: Diamond
  • Spawn Location: 7:00

VOD

Have the link to the VOD?

Description

Time

  • Played on: May 23, 2026, 1:04 p.m.
  • Length: 7:04
Show
View Real Time Build Order
Export as new Build Order

HoldTheDoor Protoss - Winner!

Build Orders: 1 Gate Expand, Zealot Archon, Archon Drop, Dark Templar Rush 

Get SALT Encoding   

  12  0:00  Probe  
  13  0:14  Probe  
  13  0:18  Pylon  
  14  0:25  Probe  
  15  0:33  Probe  
  15  0:39  Gateway  
  15  0:41  Probe  
  17  0:53  Probe  
  18  1:05  Assimilator, Probe  
  19  1:23  Nexus  
  19  1:31  Cybernetics Core  
  19  1:36  Probe  
  20  1:40  Assimilator  
  20  1:47  Pylon  
  20  1:49  Probe  
  21  2:00  Warp Gate  
  21  2:01  Probe  
  21  2:04  Stalker  
  24  2:13  Probe  
  25  2:25  Probe  
  26  2:31  Gateway  
  26  2:34  Adept  
  28  2:38  Probe x2  
  30  2:45  Twilight Council  
  30  2:51  Assimilator  
  30  2:52  Probe  
  30  2:55  Probe  
  32  3:05  Probe  
  33  3:07  Robotics Facility  
  33  3:09  Probe  
  34  3:17  Probe  
  35  3:21  Probe  
  35  3:24  Shield Battery  
  36  3:29  Probe  
  36  3:32  Dark Shrine  
  37  3:41  Probe  
  38  3:42  Probe  
  38  3:44  Warp Prism  
  38  3:46  Pylon  
  39  3:53  Probe  
  42  3:59  Probe  
  43  4:03  Gateway  
  43  4:10  Gateway  
  43  4:18  Stalker x2  
  47  4:40  Probe x2  
  47  4:45  Pylon  
  49  4:48  Pylon  
  49  4:52  Dark Templar x2  
  53  5:04  Dark Templar  
  53  5:06  Dark Templar  
  57  5:32  Stalker x2  
  61  5:38  Stargate  
  61  5:49  Pylon  
  61  6:03  Archon x2  
  61  6:19  Zealot  
  61  6:20  Zealot x3  
  73  6:50  Stalker x2  
  73  6:52  Zealot  
  73  6:56  Zealot  
Show
View Real Time Build Order
Export as new Build Order

arni Zerg 

Build Orders: Hatch First 

Get SALT Encoding   

  12  0:00  Drone  
  13  0:13  Overlord  
  13  0:16  Drone  
  14  0:25  Extractor, Drone  
  15  0:33  Drone  
  16  0:46  Hatchery  
  16  0:50  Drone  
  16  0:53  Drone  
  18  0:57  Drone  
  18  1:10  Drone  
  19  1:14  Extractor  
  19  1:17  Spawning Pool  
  17  1:28  Drone  
  17  1:32  Drone  
  19  1:40  Overlord  
  19  1:53  Drone  
  20  1:59  Hatchery  
  19  2:03  Drone x2  
  21  2:09  Queen  
  21  2:13  Drone  
  24  2:20  Drone x2  
  26  2:29  Drone  
  27  2:32  Queen  
  29  2:38  Drone x2  
  29  2:43  Drone  
  32  2:45  Drone  
  33  2:54  Drone  
  33  2:55  Drone  
  35  2:59  Metabolic Boost  
  35  3:02  Lair, Drone  
  36  3:12  Overlord  
  36  3:13  Overlord  
  36  3:14  Zergling x2  
  36  3:16  Overlord  
  37  3:25  Roach Warren  
  36  3:30  Evolution Chamber  
  36  3:33  Evolution Chamber  
  34  3:36  Queen  
  34  3:38  Drone x3  
  39  3:42  Drone x2  
  39  3:47  Drone x2  
  39  3:48  Drone  
  44  3:49  Drone  
  44  3:53  Overlord  
  45  4:03  Zerg Ground Armor Level 1  
  45  4:13  Extractor  
  45  4:15  Extractor  
  43  4:17  Drone x4  
  43  4:18  Extractor, Drone x6  
  52  4:34  Drone x4  
  52  4:35  Drone  
  57  4:39  Overlord x2  
  57  4:47  Zerg Missile Weapons Level 1  
  57  4:50  Drone  
  57  4:51  Drone x4  
  62  4:58  Hydralisk Den  
  61  5:00  Drone x2  
  61  5:06  Drone  
  65  5:07  Drone x4  
  65  5:10  Extractor  
  65  5:12  Extractor  
  66  5:25  Overseer x3  
  66  5:26  Roach x2, Hatchery  
  66  5:27  Roach x4  
  77  5:34  Spine Crawler  
  76  5:51  Spore Crawler  
  74  6:01  Overseer  
  74  6:03  Hatchery  
  73  6:04  Roach x2  
Tags
 
Add a new tag
Caveats
  • Supply blocks, unpowered buildings, or Contaminate may cause inaccurate times.
  • Supply counts are checked every 10 seconds.